 Dungeon Crawl Stone Soup version 0.27.1-1-g398f81649c (webtiles) character file.

Game seed: 158910155195585677

15780 omnomnOMINOUS the Fighter (level 12, -1/90 HPs)
             Began as an Octopode Wanderer on Sept 21, 2021.
             Was a High Priest of the Shining One.
             Engulfed by a cloud of freezing vapour (27 damage)
             ... in an ice cave.
             The game lasted 00:51:37 (17591 turns).

omnomnOMINOUS the Fighter (Octopode Wanderer)      Turns: 17591, Time: 00:51:37

Health: -1/90      AC:  1    Str: 14    XL:     12   Next: 30%
Magic:  24/24      EV: 39    Int: 25    God:    the Shining One [*****.]
Gold:   326        SH:  0    Dex:  9    Spells: 23/28 levels left

rFire    . . .     SeeInvis .   a - +3 spear (venom)
rCold    . . .     Faith    .   (no shield)
rNeg     + + .     Spirit   .   (helmet restricted)
rPois    .         Reflect  .   F - amulet of the acrobat
rElec    .         Harm     .   h - +4 ring of slaying
rCorr    .         Rampage  .   t - +4 ring of evasion
Will     .....                  B - +6 ring of intelligence
Stlth    +.........             K - +4 ring of evasion
HPRegen  0.25/turn              (no ring)
MPRegen  0.19/turn              (no ring)
                                (no ring)
                                (no ring)

@: acrobatic, glowing
A: almost no armour, amphibious, 8 rings, camouflage 1, gelatinous body 1,
(nimble swimmer 1), tentacles
a: Renounce Religion, Divine Shield, Cleansing Flame, Summon Divine Warrior


You were in an ice cave.
You worshipped the Shining One.
The Shining One was extremely pleased with you.
You visited 2 branches of the dungeon, and saw 10 of its levels.
You also visited: Ice Cave.

You collected 476 gold pieces.
You spent 150 gold pieces at shops.

Inventory:

Hand Weapons
 a - a +3 spear of venom (weapon)
 b - the +3 hunting sling of Gatidot {flame, rF+}
   (You found it on level 5 of the Dungeon)

   Any ammunition fired from it burns those it strikes, dealing additional fire
   damage.
   rF:        It protects you from fire.
 c - a +2 whip of electrocution
 I - a +2 halberd of freezing
Missiles
 g - 5 bolts
 u - 5 silver javelins (quivered)
 x - 338 stones
 y - 17 sling bullets
 C - 5 throwing nets
Magical Staves
 q - a staff of poison
Jewellery
 h - a +4 ring of slaying (left tentacle)
 t - a +4 ring of evasion (right tentacle)
 B - a +6 ring of intelligence (on tentacle)
 F - an amulet of the acrobat (around mantle)
 K - a +4 ring of evasion (on tentacle)
Wands
 d - a wand of paralysis (8)
 e - a wand of acid (6)
 l - a wand of digging (8)
 n - a wand of flame (9)
Scrolls
 i - a scroll of holy word
 k - a scroll of enchant weapon
 v - 3 scrolls of fog
 w - a scroll of summoning {unknown}
 A - 2 scrolls of silence
 E - 3 scrolls of noise
 H - a scroll of amnesia
Potions
 j - 2 potions of haste {unknown}
 m - a potion of attraction {unknown}
 o - 6 potions of curing
 r - a potion of heal wounds
 s - a potion of mutation {unknown}
 z - a potion of flight {unknown}
 G - a potion of brilliance {unknown}
 J - a potion of berserk rage {unknown}
 L - a potion of cancellation {unknown}


   Skills:
 + Level 11.4 Fighting
 * Level 9.2 Polearms
 - Level 1.0 Crossbows
 + Level 11.4 Dodging
 - Level 1.0 Shields
 - Level 8.5 Spellcasting
 - Level 1.1 Evocations


You had 23 spell levels left.
You knew the following spells:

 Your Spells              Type           Power      Damage    Failure   Level
a - Passwall              Tmut/Erth      8%         N/A       9%          2
b - Swiftness             Air            10%        N/A       17%         3

Your spell library contained the following spells:

 Spells                   Type           Power      Damage    Failure   Level
 Olgreb's Toxic Radiance  Pois           10%        N/A       50%         4
 Invisibility             Hex            5%         N/A       100%        6
 Ozocubu's Refrigeration  Ice            5%         4d6       100%        7
 Ignition                 Fire           5%         3d4       100%        8


Dungeon Overview and Level Annotations

Branches:
Dungeon (9/15)             Temple (0/1) D:6             Orc (1/2) D:9
  IceCv (1/1)
   Lair: D:8-11

Altars:
Ashenzari
Cheibriados
Gozag
Okawaru
Uskayaw
Vehumet
Zin
The Shining One

Shops:
D:4 !:*:!

Annotations:
D:7 exclusion: statue IceCv exclusion: ice statue


Innate Abilities, Weirdness & Mutations

You cannot wear most types of armour.
You are amphibious.
You can wear up to eight rings at the same time.
Your skin changes colour to match your surroundings (Stealth+).
Your rubbery body absorbs attacks. (AC +1, EV +1)
((You are camouflaged near water. (Stealth+)))
You have tentacles for arms and can constrict up to eight enemies at once.


Message History

You puncture the polar bear!
The polar bear is poisoned.
The polar bear is severely wounded.
You barely miss the polar bear.
The polar bear is severely wounded.
The polar bear bites you! The polar bear claws you. x2
You completely miss the polar bear.
The polar bear is severely wounded.
The polar bear misses you. The polar bear closely misses you. x2
You puncture the polar bear! You squeeze the polar bear.
The polar bear is almost dead.
You kill the polar bear!
You start resting.
HP restored.
You see here a polar bear corpse.
x - 336 stones (gained 1)
x - 337 stones (gained 1)
x - 338 stones (gained 1)
You see here a polar bear corpse.
Found 20 gold pieces.
Found 20 gold pieces.
You now have 306 gold pieces (gained 20).
You now have 326 gold pieces (gained 20).
You see here a polar bear corpse.
Found an ice covered gate leading back out of this place.
There is an ice covered gate leading back out of this place here.
A death yak comes into view.
The death yak bellows!
A wolf comes into view.
There is an ice covered gate leading back out of this place here.
You are engulfed in freezing vapours.
You are engulfed in freezing vapours.
You are engulfed in freezing vapours.
* * * LOW HITPOINT WARNING * * *
Okay, then.
Unknown command.
You feel much better.
You are engulfed in freezing vapours.
* * * LOW HITPOINT WARNING * * *
Unknown command.
You are engulfed in freezing vapours.
You die...

#.## #Y# ##.# #..## ##
##...## #.## .#.°§§##
..##.#§§§§.#
##.#..#§§§§.# ##
#..#.##@☼§§## ######.
#..(≈#§§☼☼..# ##.##...
#$.(#≈#≈.○§§§##
##...#†.#
#[8.#≈≈≈#..☼##
##..#..#.#
#$..##≈≈#..##
##...#..###
#####≈≈##..#
###..###.####
###≈≈######....##..#..#
#≈≈#≈#####...#.###....#
#####≈##.#.#.#.####..)#


You could see a death yak.

Vanquished Creatures
  A two-headed ogre (D:9)
  A death yak (IceCv)
  An orc knight (Orc:1)
  Pikel (D:7)
  An ugly thing (IceCv)
  4 polar bears (IceCv)
  A troll (Orc:1)
  A hornet (D:7)
  A slime creature (D:7)
  27 yaks
  3 wyverns
  Sigmund (D:6)
  Eustachio (D:4)
  Menkaure (D:4)
  A steam dragon (D:7)
  A death yak simulacrum (Orc:1)
  3 wargs
  Edmund (D:6)
  2 water moccasins (D:7)
  3 ice beasts
  4 orc warriors
  6 sky beasts
  A black bear (D:6)
  A necrophage (D:5)
  4 ogres
  16 wolves (IceCv)
  3 phantoms
  5 centaurs
  3 kobold brigands
  5 bullfrogs
  A scorpion (D:4)
  2 two-headed ogre simulacra (Orc:1)
  2 wyvern skeletons (D:7)
  A water moccasin skeleton (D:7)
  A killer bee (D:7)
  15 wights
  A centaur zombie (D:8)
  2 jellies
  2 bullfrog zombies
  2 hounds (D:4)
  5 orc priests
  A bullfrog skeleton (D:4)
  Crazy Yiuf (D:5)
  2 gnoll shamans
  Terence (D:2)
  A scorpion zombie (D:5)
  An iguana (D:5)
  7 orc wizards
  2 troll simulacra (Orc:1)
  A killer bee zombie (D:7)
  A wolf simulacrum (Orc:1)
  A hound skeleton (D:4)
  A howler monkey zombie (D:7)
  12 gnolls
  4 adders
  A shadow imp (D:7)
  A white imp (D:7)
  An ufetubus (D:5)
  An adder skeleton (D:4)
  2 worms
  A dart slug (D:9)
  35 orcs
  8 endoplasms
  4 giant cockroaches
  10 goblins
  3 hobgoblins
  3 jackals (D:2)
  23 kobolds
  2 quokkas
  5 ball pythons
  7 bats
  4 frilled lizards
  5 rats
290 creatures vanquished.

Vanquished Creatures (collateral kills)
  A manticore (D:7)
  An orc warrior (Orc:1)
  An orc priest (Orc:1)
  An orc (Orc:1)
4 creatures vanquished.

Vanquished Creatures (others)
  A warg (Orc:1)
  An orc warrior (Orc:1)
  An orc (Orc:1)
  12 plants (D:5)
15 creatures vanquished.

Grand Total: 309 creatures vanquished

Notes
Turn   | Place    | Note
-------+----------+-------------------------------------------
     0 | D:1      | omnomnOMINOUS the Octopode Wanderer began the quest for the
                  | Orb.
     0 | D:1      | omnomnOMINOUS set off with the following items: a +2 hand
                  | crossbow, 27 bolts, a +0 hand axe, a potion of
                  | lignification
     0 | D:1      | Reached XP level 1. HP: 21/21 MP: 1/1
    41 | D:1      | Reached skill level 1 in Dodging
   292 | D:1      | Reached XP level 2. HP: 22/27 MP: 2/2
   910 | D:1      | Reached XP level 3. HP: 29/32 MP: 3/3
  1176 | D:2      | Noticed Terence
  1190 | D:2      | Killed Terence
  1198 | D:2      | Reached XP level 4. HP: 21/38 MP: 4/4
  2336 | D:2      | You fall into a shaft and drop 2 floors!
  2336 | D:4      | Found a hide-covered altar of Uskayaw.
  2337 | D:4      | Found Pieda's Distillery.
  2352 | D:4      | Reached XP level 5. HP: 40/43 MP: 5/5
  2395 | D:4      | Bought a potion of curing for 30 gold pieces
  2512 | D:4      | Reached skill level 5 in Dodging
  2536 | D:4      | Noticed an ogre
  2785 | D:4      | Reached XP level 6. HP: 40/49 MP: 6/6
  2848 | D:4      | Found Wuywosop's Book Emporium.
  2952 | D:5      | Entered Level 5 of the Dungeon
  2962 | D:4      | Found Tiygir's Assorted Antiques.
  3011 | D:4      | Found Dakawn's Distillery.
  3017 | D:4      | Noticed Menkaure
  3635 | D:3      | Found a glowing golden altar of the Shining One.
  3643 | D:3      | Became a worshipper of the Shining One
  4334 | D:3      | Found an iron altar of Okawaru.
  4357 | D:3      | Reached XP level 7. HP: 54/54 MP: 7/7
  4553 | D:3      | Found a glowing silver altar of Zin.
  4590 | D:3      | Found an opulent altar of Gozag.
  5039 | D:4      | Found Tuecoe's Book Boutique.
  5145 | D:4      | Reached skill level 1 in Spellcasting
  5208 | D:4      | Noticed Eustachio
  5223 | D:4      | Killed Eustachio
  5679 | D:5      | Reached XP level 8. HP: 51/60 MP: 12/12
  5962 | D:5      | Found a runed translucent door.
  5963 | D:5      | Noticed Crazy Yiuf
  6566 | D:5      | Identified the +3 hunting sling of Gatidot {flame, rF+}
  6735 | D:5      | Killed Crazy Yiuf
  6777 | D:4      | Killed Menkaure
  6778 | D:4      | Reached skill level 5 in Spellcasting
  7390 | D:6      | Reached * piety under the Shining One
  7401 | D:6      | Reached XP level 9. HP: 49/66 MP: 16/16
  7543 | D:6      | Noticed Edmund
  7552 | D:6      | Killed Edmund
  7670 | D:6      | Noticed Sigmund
  7676 | D:6      | Killed Sigmund
  7962 | D:6      | Found a staircase to the Ecumenical Temple.
  8699 | D:7      | Noticed Pikel
  8704 | D:7      | Killed Pikel
  8965 | D:7      | HP: 3/68 [something (7)]
  8966 | D:7      | Reached XP level 10. HP: 3/74 MP: 21/21
 10011 | D:7      | Found a radiant altar of Vehumet.
 10133 | D:7      | Reached ** piety under the Shining One
 11050 | D:7      | Reached skill level 1 in Polearms
 11317 | D:7      | Noticed a manticore
 11323 | D:7      | Killed a manticore
 11887 | D:4      | Bought a potion of curing for 30 gold pieces
 11887 | D:4      | Bought a potion of heal wounds for 50 gold pieces
 11887 | D:4      | Bought a potion of might for 40 gold pieces
 12099 | D:7      | Reached skill level 10 in Fighting
 12099 | D:7      | Reached skill level 10 in Dodging
 12734 | D:8      | Reached XP level 11. HP: 81/81 MP: 23/23
 12745 | D:8      | Reached *** piety under the Shining One
 12892 | D:8      | Reached skill level 5 in Polearms
 13015 | D:8      | Found a broken altar of Ashenzari.
 13525 | D:9      | Found a staircase to the Orcish Mines.
 13802 | D:9      | Reached **** piety under the Shining One
 14342 | D:9      | Learned a level 2 spell: Passwall
 14346 | D:9      | Learned a level 3 spell: Swiftness
 14679 | D:9      | Noticed a two-headed ogre
 14693 | D:9      | Killed a two-headed ogre
 14812 | D:9      | Found a snail-covered altar of Cheibriados.
 14906 | Orc:1    | Entered Level 1 of the Orcish Mines
 15196 | Orc:1    | Noticed an orc knight
 15271 | Orc:1    | Killed an orc knight
 15343 | Orc:1    | Found a frozen archway.
 15359 | IceCv    | Entered an ice cave
 15505 | IceCv    | Reached ***** piety under the Shining One
 15824 | IceCv    | Noticed a white ugly thing
 15832 | IceCv    | Killed a white ugly thing
 16710 | IceCv    | Reached XP level 12. HP: 77/90 MP: 24/24
 16838 | IceCv    | Noticed a death yak
 16860 | IceCv    | Killed a death yak
 17579 | IceCv    | Noticed a death yak
 17591 | IceCv    | Engulfed by a cloud of freezing vapour

Illustrated notes

Levels and vault maps discovered:
D:1:      erik_arrival_cave_to_civilisation [erik_arrival_cave_to_hall],
          layout_rooms, corexii_hall_statues_i
D:2:      layout_basic, ebering_dispersal_statue_hall, uniq_terence
D:3:      layout_rooms, pdpol_temple_overflow_zin_treasury_gozag_greed,
          okawaru_ov_weapons_minmay, mainiacjoe_overflow_tiny_flanked,
          minmay_misc_feat_chi, chequers_serial_rivers_room_a
D:4:      layout_loops_ring, nicolae_uskayaw_murder_on_the_dancefloor,
          serial_shops, shop, kennysheep_little_box, shop, shop,
          nicolae_shop_competitors_out_of_business, uniq_eustachio,
          uniq_menkaure
D:5:      wander_river, layout_cave_pools, lexackson_kobold_supper,
          uniq_crazy_yiuf_cottage
D:6:      layout_loops_ring, minmay_temple_entry_drinking_statues,
          minmay_tree_intersection, uniq_edmund, uniq_sigmund
D:7:      kennysheep_windowed_halls, layout_loops_ring, vehumet_statue,
          uniq_pikel
D:8:      layout_rooms, lemuel_tele_altar
D:9:      layout_long_grid, kennysheep_slug_shrine, david_orc_3
Orc:1:    nicolae_orc_accident_1, layout_caves, basic_altar,
          portal_ice_cave_entry_ice_simulacra
IceCv:    ice_cave_caverns_03

Skill      XL: |  1  2  3  4  5  6  7  8  9 10 11 12 |
---------------+-------------------------------------+-----
Dodging        | 1 2 3 4 5 6 7 8 9 10 11 | 11.4
Spellcasting   | 3 5 7 8 |  8.5
Fighting       | 8 9 10 11 | 11.4
Polearms       | 4 8 9 |  9.2
Crossbows      | |  1.0
Shields        | |  1.0
Evocations     | |  1.1

Action                   |  1- 3 |  4- 6 |  7- 9 | 10-12 || total
-------------------------+-------+-------+-------+-------++-------
Melee: Hand axe          |    30 |       |       |       ||    30
       Constrict         |    14 |    31 |    35 |    50 ||   130
       Tentacles         |     3 |    23 |    33 |    73 ||   132
       Whip              |    33 |    23 |    36 |    66 ||   158
       Spear             |       |    15 |       |   422 ||   437
       Dagger            |       |    72 |    95 |       ||   167
       Falchion          |       |       |    54 |       ||    54
 Fire: Hand crossbow     |       |       |     2 |    18 ||    20
       Hunting sling     |       |       |       |    34 ||    34
Throw: Javelin           |       |       |       |     1 ||     1
Evoke: Wand              |       |       |    10 |    22 ||    32
  Use: Potion            |       |     3 |       |     7 ||    10
       Scroll            |       |     2 |       |     9 ||    11
 Stab: Sleeping          |     1 |     1 |       |       ||     2
Armor: Skin              |    11 |    15 |     7 |     7 ||    40
Dodge: Dodged            |    39 |    63 |   115 |   381 ||   598
       Rpst.: Falchion   |       |       |    14 |       ||    14
